 Dungeon Crawl Stone Soup version 0.17-a0-957-ga3519be (webtiles) character file.

525 FedoraBrony69 the Magician (level 7, -3/36 HPs)
             Began as a Deep Elf Conjurer on May 7, 2015.
             Slain by a yak (18 damage)
             ... on level 3 of the Dungeon.
             The game lasted 00:06:48 (3050 turns).

FedoraBrony69 the Magician (Deep Elf Conjurer)      Turns: 3050, Time: 00:06:48

Health: -3/36      AC:  4    Str:  5    XL:     7   Next: 2%
Magic:  10/18      EV: 13    Int: 22    God:
Gold:   173        SH:  0    Dex: 15    Spells: 3 memorised, 9 levels left

rFire  . . .     SeeInvis .     x - +1 whip (elec)
rCold  . . .     Clarity  .     a - +0 robe
rNeg   + . .     SustAb   .     (no shield)
rPois  .         Gourm    .     (no helmet)
rElec  .         Spirit   .     s - +1 cloak
rCorr  .         Warding  +     (no gloves)
rMut   .         Stasis   .     (no boots)
MR     .....                    j - amulet of warding
Stlth  ++........               (no ring)
                                (no ring)

@: not resistant to hostile enchantments, unstealthy
A: no striking features
a: no special abilities


You were on level 3 of the Dungeon.
You were near starving.

You visited 1 branch of the dungeon, and saw 4 of its levels.

You collected 173 gold pieces.

Inventory:

Hand weapons
 x - a +1 whip of electrocution (weapon)
Armour
 a - a +0 robe (worn)
 s - a +1 cloak (worn)
Jewellery
 j - an amulet of warding (around neck)
Magical devices
 t - a wand of fireball (6)
Scrolls
 d - a scroll of enchant weapon {unknown}
 e - 6 scrolls of remove curse {unknown}
 f - 2 scrolls of enchant armour {unknown}
 g - a scroll of teleportation {unknown}
 i - 2 scrolls of identify {unknown}
 n - a scroll of random uselessness {unknown}
 r - a scroll of immolation {unknown}
 u - a scroll of fear {unknown}
Potions
 h - a potion of ambrosia {unknown}
 k - 2 potions of haste {unknown}
 o - a potion of might {unknown}
 q - a potion of lignification {unknown}
 w - a potion of magic {unknown}
Books
 b - a book of Conjurations

   Spells                             Type                      Level
   a - Magic Dart                     Conjuration                  1
   b - Searing Ray                    Conjuration                  2
   c - Dazzling Spray                 Conjuration/Hexes            3
   d - Fulminant Prism                Conjuration/Hexes            4
   e - Iskenderun's Mystic Blast      Conjuration                  4
   f - Iskenderun's Battlesphere      Conjuration/Charms           5
Comestibles
 c - 2 bread rations
 l - a slice of pizza
 m - 2 fruits
 v - 2 beef jerkies


   Skills:
 - Level 2.4 Dodging
 - Level 2.4 Stealth
 + Level 6.5 Spellcasting
 + Level 6.5 Conjurations
 * Level 5.4 Charms


You had 9 spell levels left.
You knew the following spells:

 Your Spells              Type           Power        Failure   Level  Hunger
a - Magic Dart            Conj           ####         1%          1    None
b - Iskenderun's Battles  Conj/Chrm      ####....     21%         5    #####..
c - Iskenderun's Mystic   Conj           #####...     8%          4    ###....


Dungeon Overview and Level Annotations

Branches:
Dungeon (4/15)
 Temple: D:4-7

Altars:
Gozag
Makhleb
Trog
Yredelemnul

Shops:
D:4 %


Message History

You climb upwards.
There is a stone staircase leading down, spattered with blood here.
Casting: Iskenderun's Mystic Blast
Confirm with . or Enter, or press ? or * to list all spells.
Aiming: Iskenderun's Mystic Blast
Press: ? - help, Shift-Dir - straight line, f - yak
Aim: a yak The orb of energy hits the yak.
The yak is heavily wounded.
The orb of energy explodes!
The yak gores you! The kobold barely misses you.
Casting: Iskenderun's Mystic Blast
Confirm with . or Enter, or press ? or * to list all spells.
Aiming: Iskenderun's Mystic Blast
Press: ? - help, Shift-Dir - straight line, f/p - yak
Aim: a yak (heavily wounded)
The orb of energy hits the yak.
The yak is severely wounded.
The yak gores you!!
Ouch! That really hurt!
You die...

.....'.......................+...
.....####...##.####.##..[.####...
#.#.## ##.###.# #.##.#.## ##..
#.### ##...)####......# ##. #.##
#......#####.### ## ...# #..###.#
#.# # .ยง.# #..# #.# #.# ...#
#..###Y# #.# ._.# #....K@# #.# ##
...# #....### #.# #.
#############.## #.# #.
..............# #.# #.
..############# #.#########. ..#
#........... .## ############ .#
.#


You could see a yak and a kobold.

Vanquished Creatures
  2 yaks (D:3)
  The ghost of FedoraBrony69 the Conjurer, an average DECj (D:3)
  An orc priest (D:2)
  5 adders
  2 worms
  2 giant geckos
  7 orcs (D:3)
  3 giant cockroaches
  5 goblins
  8 hobgoblins
  5 jackals (D:1)
  3 ball pythons
  7 bats
  3 giant newts (D:1)
  6 kobolds
  A quokka (D:2)
  6 rats
67 creatures vanquished.

Notes
Turn   | Place    | Note
--------------------------------------------------------------
     0 | D:1      | FedoraBrony69, the Deep Elf Conjurer, began the quest for the Orb.
     0 | D:1      | Reached XP level 1. HP: 10/10 MP: 6/6
   239 | D:1      | Reached XP level 2. HP: 15/15 MP: 6/8
   759 | D:2      | Reached skill level 5 in Conjurations
   759 | D:2      | Reached XP level 3. HP: 19/19 MP: 3/10
  1426 | D:2      | Reached XP level 4. HP: 24/24 MP: 9/12
  1532 | D:2      | Reached skill level 5 in Spellcasting
  1864 | D:3      | Reached XP level 5. HP: 28/28 MP: 11/14
  1948 | D:3      | Noticed FedoraBrony69's ghost (average DECj)
  2002 | D:2      | Learned a level 5 spell: Iskenderun's Battlesphere
  2007 | D:2      | Learned a level 4 spell: Iskenderun's Mystic Blast
  2131 | D:3      | Killed FedoraBrony69's ghost
  2131 | D:3      | Reached skill level 6 in Conjurations
  2243 | D:3      | Found a bloodstained altar of Trog.
  2619 | D:4      | Noticed a yak
  2619 | D:4      | Noticed a yak
  2619 | D:4      | Noticed a yak
  2619 | D:4      | Noticed a yak
  2619 | D:4      | Noticed a yak
  2621 | D:4      | Noticed a yak
  2626 | D:3      | Killed a yak
  2626 | D:3      | Reached XP level 6. HP: 11/32 MP: 1/17
  2795 | D:4      | Found a burning altar of Makhleb.
  2802 | D:4      | Found an opulent altar of Gozag.
  2842 | D:4      | Found Setauris's Food Emporium.
  2861 | D:4      | Found a basalt altar of Yredelemnul.
  2887 | D:3      | Killed a yak
  2887 | D:3      | Reached skill level 5 in Charms
  2887 | D:3      | Reached XP level 7. HP: 15/36 MP: 3/18
  3050 | D:3      | Slain by a yak

Action                   |  1- 3 |  4- 6 |  7- 9 || total
-------------------------+-------+-------+-------++-------
Melee: Unarmed           |     7 |       |       ||     7
       Whip              |       |    21 |       ||    21
 Cast: Magic Dart        |    78 |    50 |       ||   128
       Iskenderun's Myst |       |     7 |     2 ||     9
  Eat: Chunk             |     1 |     5 |       ||     6
